AoeStats
← Alexis

Arena

510001665Analyzed
1v1 RM · 4d ago on Sep 29, 2026· 42m 6s· 2 players
Game mode
Random Map
Map size
Tiny (2 player)
Population
200
Speed
Normal
Resources
Standard
Victory
Conquest
Starting age
Dark Age
Ending age
Imperial Age
RankedLock teamsTeams togetherTeam positionsShared explorationLock speedFull tech treeHidden civsTurbo modeCheats
Victory
Defeat
🇺🇸 Lithuanians · United States
808
+14
🇨🇱 Saxons · Chile
766
-14
Alexis
12:50 Feudal Age
17:28 Castle Age
26:40 Horse Collar
27:06 Loom
33:25 Imperial Age
31:07 Heavy Plow
30:54 Double-Bit Axe
30:44 Pikeman
32:11 Ballistics
31:45 Guard Tower
33:19 Forging
33:15 Murder Holes
34:42 Wheelbarrow
36:47 Chemistry
ToweleeTowel TTV M
11:10 Feudal Age
9:30 Loom
12:20 Double-Bit Axe
14:46 Wheelbarrow
17:25 Castle Age
15:29 Gold Mining
15:30 Horse Collar
18:37 Bow Saw
19:51 Hand Cart
25:13 Forging
25:08 Scale Barding Armor
25:27 Bloodlines
25:17 Husbandry
25:51 Town Watch
30:50 Chain Barding Armor
31:07 Iron Casting
36:37 Imperial Age
37:53 Conscription
37:32 Cavalier
38:51 Plate Barding Armor
40:14 Padded Archer Armor
41:39 Two-Man Saw
40:31 Stone Mining
40:42 Heavy Plow
40:08 Paladin
Connection lost

Rejoining the realm…

Still unreachable

The connection could not be restored.

Session expired

The server has moved on; the page needs a fresh start.